 Dungeon Crawl Stone Soup version 0.28.0 (webtiles) character file.

Game seed: 10928875517982569020

107 Buxparty the Sneak (level 4, -1/38 HPs)
             Began as a Gnoll Wanderer on Feb 12, 2022.
             Slain by Robin (3 damage)
             ... on level 3 of the Dungeon.
             The game lasted 00:03:51 (2425 turns).

Buxparty the Sneak (Gnoll Wanderer)                 Turns: 2425, Time: 00:03:52

Health: -1/38      AC:  4    Str: 13    XL:     4   Next: 86%
Magic:  5/5        EV: 11    Int:  8    God:
Gold:   94         SH:  5    Dex: 15    Spells: 5/5 levels left

rFire   . . .      SeeInvis .   a - +2 quarterstaff
rCold   . . .      Faith    .   (shield currently unavailable)
rNeg    . . .      Spirit   .   d - +0 leather armour
rPois   .          Reflect  +   c - +0 helmet
rElec   .          Harm     .   (no cloak)
rCorr   .          Rampage  .   (no gloves)
Will    .....                   (no boots)
Stlth   ++++......              i - amulet of reflection
HPRegen 0.12/turn               (no ring)
MPRegen 0.09/turn               (no ring)

@: no status effects
A: fangs 1, strong nose, distributed training
a: no special abilities


You were on level 3 of the Dungeon.
You visited 1 branch of the dungeon, and saw 3 of its levels.

You collected 94 gold pieces.

Inventory:

Hand Weapons
 a - a +2 quarterstaff (weapon)
 b - a +0 mace
Missiles
 e - 18 sling bullets
Armour
 c - a +0 helmet (worn)
 d - a +0 leather armour (worn)
Jewellery
 i - an amulet of reflection (around neck)
 j - an amulet of magic regeneration
Scrolls
 f - 2 scrolls of teleportation {unknown}
 h - a scroll of identify {unknown}
 k - a scroll of torment {unknown}
Potions
 g - a potion of attraction {unknown}


   Skills:
 + Level 4.7 Fighting
 + Level 1.2 Short Blades
 + Level 1.2 Long Blades
 + Level 1.2 Axes
 + Level 2.8 Maces & Flails
 + Level 1.2 Polearms
 + Level 4.7 Staves
 + Level 1.2 Slings
 + Level 1.2 Bows
 + Level 1.2 Crossbows
 + Level 1.2 Throwing
 + Level 2.8 Armour
 + Level 1.2 Dodging
 + Level 7.9 Stealth
 + Level 1.2 Shields
 + Level 1.2 Unarmed Combat
 + Level 1.2 Spellcasting
 + Level 1.0 Conjurations
 + Level 1.0 Hexes
 + Level 1.0 Summonings
 + Level 1.0 Necromancy
 + Level 1.0 Translocations
 + Level 1.0 Transmutations
 + Level 1.0 Fire Magic
 + Level 1.0 Ice Magic
 + Level 1.0 Air Magic
 + Level 1.0 Earth Magic
 + Level 1.0 Poison Magic
 + Level 1.4 Invocations
 + Level 1.2 Evocations


You had 5 spell levels left.
You didn't know any spells.
Your spell library contained the following spells:

 Spells                   Type           Power      Damage    Failure   Level
 Slow                     Hex            8%         N/A       32%         1
 Confusing Touch          Hex            2%         N/A       67%         3
 Dazzling Flash           Conj/Hex       4%         N/A       67%         3
 Vampiric Draining        Necr           2%         2d6       67%         3
 Agony                    Necr           2%         N/A       100%        5
 Silence                  Hex/Air        1%         N/A       100%        5


Dungeon Overview and Level Annotations

Branches:
Dungeon (3/15)

Altars:

Shops:
D:2 *

Annotations:
D:3 Robin


Innate Abilities, Weirdness & Mutations

You have very sharp teeth.
Your uncanny sense of smell can sniff out nearby items.
Your experience applies equally to all skills.


Message History

You completely miss Robin. Robin barely misses you.
The goblin unwields a +0 club.
The goblin wields a +0 hunting sling.
The goblin shoots a stone.
You reflect the stone off an invisible shield around you!
The stone hits the goblin.
You kill the goblin!
You sock Robin!
Robin is heavily wounded.
You block Robin's attack.
You barely miss Robin.
Robin is heavily wounded.
Robin zaps a wand.
The puff of flame hits you!
You barely miss Robin. Your bite misses Robin.
Robin is heavily wounded.
Robin hits you but does no damage.
You barely miss Robin.
Robin is heavily wounded.
Robin hits you with a +3 spear!
* * * LOW HITPOINT WARNING * * *
You hit Robin but do no damage.
Robin is heavily wounded.
Robin barely misses you.
A goblin comes into view. It is wielding a +0 club.
Robin drinks a potion.
Robin is healed!
You barely miss Robin.
The goblin shouts!
Your bite misses Robin. Robin hits you with a +3 spear.
* * * LOW HITPOINT WARNING * * *
You sock Robin!
Robin is almost dead.
Robin zaps a wand.
The puff of flame misses you.
You closely miss Robin. Your bite misses Robin.
Robin is almost dead.
Robin says, "Duck!"
Robin throws the goblin at you! The goblin hits you but does no damage.
You hit Robin but do no damage. You bite Robin.
Robin is almost dead.
Robin flexes a bicep menacingly.
Robin hits you with a +3 spear.
You die...

........##.#.# #######
.........##.#.# #.....#
...........)..# #.....#
.........#)### #.....#
##...###.#.######
#.....# #+#.
#.#......#######.♣.♣.##
..
#.#......##......♣.♣...
..
#.#...g..##....♣♣8.8♣♣.
..
#.#...@...'............
#..)..g....#....♣♣8.8♣♣.
#..######<##......♣.♣...
#.. #)#######.♣.♣.## #.
#.# #.....# #. #.#
#.....# #.# #.....# #.#
#.....# ... #######


You could see Robin and a goblin.

Vanquished Creatures
  3 gnolls
  An adder (D:2)
  A worm (D:2)
  3 dart slugs (D:1)
  4 ball pythons
  5 endoplasms
  2 giant cockroaches (D:1)
  12 goblins
  4 hobgoblins
  6 quokkas
  3 bats
  4 frilled lizards
  6 kobolds
  3 rats
57 creatures vanquished.

Notes
Turn   | Place    | Note
-------+----------+-------------------------------------------
     0 | D:1      | Buxparty the Gnoll Wanderer began the quest for the Orb.
     0 | D:1      | Buxparty set off with the following items: a +2
                  | quarterstaff, a +0 mace, a +0 helmet, a +0 leather armour
     0 | D:1      | Reached XP level 1. HP: 20/20 MP: 1/1
   199 | D:1      | Reached XP level 2. HP: 23/26 MP: 2/2
   408 | D:1      | Reached XP level 3. HP: 31/31 MP: 3/3
  1113 | D:2      | Reached skill level 1 in Invocations
  1279 | D:2      | Reached skill level 1 in Short Blades
  1279 | D:2      | Reached skill level 1 in Long Blades
  1279 | D:2      | Reached skill level 1 in Axes
  1279 | D:2      | Reached skill level 1 in Polearms
  1279 | D:2      | Reached skill level 1 in Slings
  1279 | D:2      | Reached skill level 1 in Bows
  1279 | D:2      | Reached skill level 1 in Crossbows
  1279 | D:2      | Reached skill level 1 in Throwing
  1279 | D:2      | Reached skill level 1 in Dodging
  1279 | D:2      | Reached skill level 1 in Shields
  1279 | D:2      | Reached skill level 1 in Unarmed Combat
  1279 | D:2      | Reached skill level 1 in Spellcasting
  1279 | D:2      | Reached skill level 1 in Evocations
  1578 | D:2      | Reached XP level 4. HP: 35/38 MP: 5/5
  1644 | D:2      | Found Zaddi's General Store.
  1979 | D:3      | Reached skill level 1 in Conjurations
  1979 | D:3      | Reached skill level 1 in Hexes
  1979 | D:3      | Reached skill level 1 in Summonings
  1979 | D:3      | Reached skill level 1 in Necromancy
  1979 | D:3      | Reached skill level 1 in Translocations
  1979 | D:3      | Reached skill level 1 in Transmutations
  1979 | D:3      | Reached skill level 1 in Fire Magic
  1979 | D:3      | Reached skill level 1 in Ice Magic
  1979 | D:3      | Reached skill level 1 in Air Magic
  1979 | D:3      | Reached skill level 1 in Earth Magic
  1979 | D:3      | Reached skill level 1 in Poison Magic
  2202 | D:3      | Noticed Robin
  2425 | D:3      | Slain by Robin

Illustrated notes

Levels and vault maps discovered:
D:1:      minmay_arrival_radiant_lines, layout_basic, minmay_tetromino_i2
D:2:      minmay_door_path, layout_basic, serial_shops, shop
D:3:      layout_basic, kennysheep_minor_cross, kennysheep_orc_chapel,
          uniq_robin

Skill      XL: |  1  2  3  4 |
---------------+-------------+-----
Invocations    | 1 |  1.4
Short Blades   | 1 |  1.2
Long Blades    | 1 |  1.2
Axes           | 1 |  1.2
Polearms       | 1 |  1.2
Slings         | 1 |  1.2
Bows           | 1 |  1.2
Crossbows      | 1 |  1.2
Throwing       | 1 |  1.2
Dodging        | 1 |  1.2
Shields        | 1 |  1.2
Unarmed Combat | 1 |  1.2
Spellcasting   | 1 |  1.2
Evocations     | 1 |  1.2
Conjurations   | 1 |  1.0
Hexes          | 1 |  1.0
Summonings     | 1 |  1.0
Necromancy     | 1 |  1.0
Translocations | 1 |  1.0
Transmutations | 1 |  1.0
Fire Magic     | 1 |  1.0
Ice Magic      | 1 |  1.0
Air Magic      | 1 |  1.0
Earth Magic    | 1 |  1.0
Poison Magic   | 1 |  1.0
Fighting       | |  4.7
Maces & Flails | |  2.8
Staves         | |  4.7
Armour         | |  2.8
Stealth        | |  7.9

Action                   |  1- 3 |  4- 6 || total
-------------------------+-------+-------++-------
Melee: Quarterstaff      |    77 |    53 ||   130
       Bite              |     4 |     5 ||     9
 Stab: Sleeping          |    15 |     3 ||    18
Armor: Leather armour    |    14 |     7 ||    21
Dodge: Dodged            |    45 |    25 ||    70
Block: Other             |     1 |    15 ||    16
       Reflection        |       |     1 ||     1
